 Dungeon Crawl Stone Soup version 0.27.1-33-g824d729ab1 (webtiles) character file.

Game seed: 6434002920712981584

130 comborobin the Shield-Bearer (level 5, 0/45 HPs)
             Began as a Djinni Fighter on Dec 27, 2021.
             Slain by a wight (10 damage)
             ... on level 2 of the Dungeon.
             The game lasted 00:03:06 (3256 turns).

comborobin the Shield-Bearer (Djinni Fighter)       Turns: 3256, Time: 00:03:06

Health: 0/45       AC:  7    Str: 18    XL:     5   Next: 36%
Gold:   117        EV:  7    Int: 10    God:
                   SH:  9    Dex: 14

rFire    + + .     SeeInvis .   e - +4 hand axe
rCold    x . .     Faith    .   b - +0 kite shield
rNeg     . . .     Spirit   .   a - +0 scale mail
rPois    ∞         Reflect  .   (no helmet)
rElec    .         Harm     .   (no cloak)
rCorr    .         Rampage  .   (no gloves)
Will     .....                  (boots unavailable)
Stlth    ..........             (no amulet)
HPRegen  0.15/turn              (no ring)
MPRegen  0.00/turn              (no ring)

@: flying
A: sickness immunity, fire resistance 2, cold vulnerability 1, float, innate
caster, hp casting, extra vitality 1, agile 1, robust 1, strong 1
a: no special abilities


You were on level 2 of the Dungeon.
You visited 1 branch of the dungeon, and saw 3 of its levels.

You collected 117 gold pieces.

Inventory:

Hand Weapons
 e - a +4 hand axe (weapon)
Missiles
 d - 17 poisoned darts (quivered)
Armour
 a - a +0 scale mail (worn)
 b - a +0 kite shield (worn)
Scrolls
 c - a scroll of blinking {unknown}
 f - a scroll of fog {unknown}


   Skills:
 + Level 3.7 Fighting
 + Level 3.7 Armour
 + Level 3.7 Shields
 * Level 3.1 Unarmed Combat


You had one spell level left.
You knew the following spells:

 Your Spells              Type           Power      Damage    Failure   Level
a - Beastly Appendage     Tmut           0%         N/A       99%         1
b - Passwall              Tmut/Erth      0%         N/A       100%        2
Your spell library was empty.


Dungeon Overview and Level Annotations

Branches:
Dungeon (3/15)

Altars:


Innate Abilities, Weirdness & Mutations

You are immune to sickness and miasma.
You are immune to poison.
Your flesh is very heat resistant. (rF++)
You are vulnerable to cold. (rC-)
You float through the air rather than walking.
You learn spells naturally, not from books.
Your magical power is your life essence.
You have superior vitality. (+4 HP)
You are agile. (Dex +2)
You are robust. (+10% HP)
Your muscles are strong. (Str +2)


Message History

Done exploring.
Done exploring.
There is an escape hatch in the ceiling here.
You aren't carrying any items that you can evoke.
Okay, then.
You aren't carrying any potions.
Okay, then.
Okay, then.
You hit the wight.
The wight is moderately damaged.
The wight hits you with a +3 scimitar. The wight barely misses you.
You closely miss the wight.
The wight is moderately damaged.
You block the wight's attack.
You closely miss the wight.
The wight is moderately damaged.
The wight completely misses you. You block the wight's attack.
You hit the wight but do no damage.
The wight is moderately damaged.
You block the wight's attack.
You hit the wight.
The wight is heavily damaged.
The wight hits you with a +3 scimitar! The wight hits you with a +3 scimitar.
You closely miss the wight.
The wight is heavily damaged.
The wight hits you with a +3 scimitar.
You hit the wight but do no damage.
The wight is heavily damaged.
You block the wight's attack. The wight hits you but does no damage.
You barely miss the wight.
The wight is heavily damaged.
The wight hits you with a +3 scimitar.
You closely miss the wight.
The wight is heavily damaged.
The wight hits you with a +3 scimitar. The wight hits you with a +3 scimitar!
* * * LOW HITPOINT WARNING * * *
You hit the wight.
The wight is heavily damaged.
The wight hits you with a +3 scimitar!
You die...

##.##.##.....##...###.#.......#
##'##.#.(....#........#.#######
......z.)....#...#....#.#
....#.#<#+####........#.#
....#.#...............#.#
#...#...............#.#.#
...................##.#.#
#...##........##........#
#...###.......##@####<##########
.#'## #....#####z#.........#...#
.#.# #....#.....#..#.####.#.#.#
.#.####..........#..#.#......#.#
......#..........#.##.#..##..#.#
#.....#..........#.##.#......#.#
#.....#.....##+#.#.##.#<##...#.#
#..####........#.#.##.######.#.#
#.># #.##.....#.#.##."......#.#


You could see a wight.

Vanquished Creatures
  A wight (D:2)
  A hound skeleton (D:2)
  4 adders (D:2)
  A ball python (D:1)
  9 endoplasms
  7 goblins
  2 hobgoblins (D:2)
  A jackal (D:2)
  A quokka (D:1)
  3 bats
  4 frilled lizards (D:1)
  4 kobolds
  5 rats
43 creatures vanquished.

Notes
Turn   | Place    | Note
-------+----------+-------------------------------------------
     0 | D:1      | comborobin the Djinni Fighter began the quest for the Orb.
     0 | D:1      | Reached XP level 1. HP: 20/20 MP: 0/0
   220 | D:1      | Reached XP level 2. HP: 13/25 MP: 0/0
  1459 | D:2      | Reached XP level 3. HP: 17/30 MP: 0/0
  1459 | D:2      | Learned a level 1 spell: Beastly Appendage
  1474 | D:2      | Reached XP level 4. HP: 16/35 MP: 0/0
  1662 | D:2      | Found a faded altar of an unknown god.
  2717 | D:2      | Reached XP level 5. HP: 28/41 MP: 0/0
  2717 | D:2      | Learned a level 2 spell: Passwall
  2957 | D:2      | Gained mutation: You are robust. (+10% HP) [potion of
                  | mutation]
  2957 | D:2      | Gained mutation: Your muscles are strong. (Str +2) [potion
                  | of mutation]
  2957 | D:2      | Gained mutation: You are agile. (Dex +2) [potion of
                  | mutation]
  3256 | D:2      | Slain by a wight

Illustrated notes

Levels and vault maps discovered:
D:1:      saegor_arrival_under_anarchy, layout_basic, minmay_distorted
D:2:      layout_basic, hellmonk_ecumenical_altar_run_dry,
          grunt_decor_resistance, minmay_pentomino_w4
D:3:      layout_rooms, nicolae_qazlal_general_emergency, serial_forest,
          infiniplex_forest_straight_2, infiniplex_forest_straight_3,
          infiniplex_forest_lined_2, infiniplex_forest_clump_small,
          infiniplex_forest_end_2, infiniplex_forest_zigzag_2,
          infiniplex_forest_lined_room_2, infiniplex_forest_zigzag_1

Skill      XL: |  1  2  3  4 |
---------------+-------------+-----
Unarmed Combat | 3 |  3.1
Fighting       | |  3.7
Armour         | |  3.7
Shields        | |  3.7

Action                   |  1- 3 |  4- 6 || total
-------------------------+-------+-------++-------
Melee: Unarmed           |   102 |    61 ||   163
       Hand axe          |       |    16 ||    16
  Use: Potion            |     1 |     5 ||     6
Armor: Scale mail        |    52 |    23 ||    75
       Skin              |       |     1 ||     1
Dodge: Dodged            |    29 |    18 ||    47
Block: Kite shield       |    57 |    43 ||   100
